 Dungeon Crawl Stone Soup version 0.21-a0-528-gf531e82 (webtiles) character file.

4668 Amnesiac the Shooter (level 10, -4/76 HPs)
             Began as a Mummy Hunter on Dec 8, 2017.
             Was an Elder of Okawaru.
             Slain by a yak (10 damage)
             ... on level 8 of the Dungeon.
             The game lasted 00:12:08 (7835 turns).

Amnesiac the Shooter (Mummy Hunter)                 Turns: 7835, Time: 00:12:08

Health: -4/76      AC:  6    Str: 18    XL:     10   Next: 20%
Magic:  25/25      EV: 14    Int: 11    God:    Okawaru [****..]
Gold:   481        SH:  0    Dex: 13    Spells: 10/17 levels left

rFire    x . .     SeeInvis .   a - +1 shortbow
rCold    + . .     Gourm    .   (shield currently unavailable)
rNeg     + + +     Faith    .   v - +0 troll leather armour
rPois    ∞         Spirit   .   (no helmet)
rElec    .         Reflect  .   (no cloak)
rCorr    .         Harm     .   (no gloves)
MR       +....                  s - +0 pair of boots
Stlth    +.........             (no amulet)
HPRegen  0.62/turn              i - ring of magical power (curse)
MPRegen  0.19/turn              C - ring of flight

@: no status effects
A: no food or potions, fire vulnerability, cold resistance 1, negative energy
resistance 3, torment resistance, unbreathing
a: Heroism, Renounce Religion, Evoke Flight


You were on level 8 of the Dungeon.
You worshipped Okawaru.
Okawaru was greatly pleased with you.
You were not hungry.

You visited 2 branches of the dungeon, and saw 10 of its levels.

You collected 481 gold pieces.

Inventory:

Hand Weapons
 a - a +1 shortbow (weapon)
 b - a +0 short sword
 o - a +0 blowgun
 r - a cursed +0 mace
Missiles
 d - 17 arrows (quivered)
 g - 184 stones
 h - 38 poisoned needles
 n - 30 sling bullets
Armour
 m - a +0 plate armour
 s - a +0 pair of boots (worn)
 v - a +0 troll leather armour (worn)
Jewellery
 i - a cursed ring of magical power (left hand)
 l - an uncursed ring of protection from cold
 C - a ring of flight (right hand)
Wands
 e - a wand of scattershot (5)
 p - a wand of random effects (36)
 y - a wand of flame (49)
 A - a wand of iceblast (13)
 D - a wand of paralysis (12)
 E - a wand of acid (10)
 G - a wand of enslavement (14)
Scrolls
 c - 8 scrolls of remove curse {!r, unknown}
 f - 3 scrolls of fear {!r}
 j - 2 scrolls of teleportation {!r}
 k - a scroll of magic mapping {!r}
 q - a scroll of fog {!r, unknown}
 u - a scroll of noise {!r, unknown}
 x - 3 scrolls of amnesia {!r, unknown}
 z - 2 scrolls of blinking {!r, unknown}
 B - a scroll of enchant armour {!r}
 F - a scroll of enchant weapon {!r}
 H - 2 scrolls of identify {!r}
Books
 t - a book of Misfortune

   Spells                             Type                      Level
   a - Confusing Touch                Hexes                        1
   b - Confuse                        Hexes                        3
   c - Gell's Gravitas                Translocation                3
   d - Petrify                        Transmutation/Earth          4
   e - Metabolic Englaciation         Hexes/Ice                    5
   f - Yara's Violent Unravelling     Hexes/Transmutation          5
 w - a book of Maledictions

   Spells                             Type                      Level
   a - Corona                         Hexes                        1
   b - Ensorcelled Hibernation        Hexes/Ice                    2
   c - Confuse                        Hexes                        3
   d - Tukima's Dance                 Hexes                        3
   e - Dazzling Spray                 Conjuration/Hexes            3


   Skills:
 + Level 6.2 Fighting
 * Level 7.7 Bows
 + Level 5.1 Armour
 + Level 5.0 Dodging
 - Level 0.7 Stealth
 - Level 4.0 Spellcasting
 - Level 4.0 Hexes
 + Level 3.1 Invocations


You had 10 spell levels left.
You knew the following spells:

 Your Spells              Type           Power        Failure   Level  Hunger
e - Confuse               Hex            ##......     16%         3    N/A
w - Tukima's Dance        Hex            ##......     16%         3    N/A
z - Confusing Touch       Hex            ##....       5%          1    N/A

Dungeon Overview and Level Annotations

Branches:
Dungeon (9/15)             Temple (1/1) D:6
   Lair: D:8-11         Orc: D:9-12

Altars:
Ashenzari
Cheibriados
Dithmenos
Elyvilon
Fedhas
Gozag
Hepliaklqana
Kikubaaqudgha
Makhleb
Nemelex Xobeh
Okawaru
Qazlal
Ru
Sif Muna
Trog
Uskayaw
Vehumet
Wu Jian
Xom
Yredelemnul
Zin
The Shining One


Innate Abilities, Weirdness & Mutations

You do not eat or drink.
Your flesh is vulnerable to fire.
You are immune to poison.
Your flesh is cold resistant. (rC+)
You are immune to negative energy. (rN+++)
You are immune to unholy pain and torment.
You can survive without breathing.


Message History

Okawaru accepts your kill. The yak gores you.
Firing (i - inventory. (,) - cycle):
d - 26 arrows (quivered)
Press: ? - help, Shift-Dir - straight line, f - yak
Aim: a yak (lightly wounded)
You shoot an arrow. The arrow hits the yak.
The yak is moderately wounded.
The yak gores you!
Firing (i - inventory. (,) - cycle):
d - 25 arrows (quivered)
Press: ? - help, Shift-Dir - straight line, f/p - yak
Aim: a yak (moderately wounded)
You shoot an arrow. The arrow hits the yak!
The yak is heavily wounded.
The yak gores you but does no damage.
Firing (i - inventory. (,) - cycle):
d - 24 arrows (quivered)
Press: ? - help, Shift-Dir - straight line, f/p - yak
Aim: a yak (heavily wounded)
You shoot an arrow. The arrow barely misses the yak.
The yak gores you.
* * * LOW HITPOINT WARNING * * *
Firing (i - inventory. (,) - cycle):
d - 23 arrows (quivered)
Press: ? - help, Shift-Dir - straight line, f/p - yak
Aim: a yak (heavily wounded)
You shoot an arrow.
The arrow hits the yak but does no damage.
The yak is heavily wounded.
The yak gores you!
* * * LOW HITPOINT WARNING * * *
Firing (i - inventory. (,) - cycle):
d - 22 arrows (quivered)
Press: ? - help, Shift-Dir - straight line, f/p - yak
Aim: a yak (heavily wounded)
You shoot an arrow.
The arrow hits the yak but does no damage.
The yak is heavily wounded.
The yak misses you.
Firing (i - inventory. (,) - cycle):
d - 21 arrows (quivered)
Press: ? - help, Shift-Dir - straight line, f/p - yak
Aim: a yak (heavily wounded)
You shoot an arrow.
The arrow hits the yak but does no damage.
The yak is heavily wounded.
The yak barely misses you.
Firing (i - inventory. (,) - cycle):
d - 20 arrows (quivered)
Press: ? - help, Shift-Dir - straight line, f/p - yak
Aim: a yak (heavily wounded)
You shoot an arrow.
The arrow hits the yak but does no damage.
The yak is heavily wounded.
The yak gores you!
* * * LOW HITPOINT WARNING * * *
Firing (i - inventory. (,) - cycle):
d - 19 arrows (quivered)
Press: ? - help, Shift-Dir - straight line, f/p - yak
Aim: a yak (heavily wounded)
You shoot an arrow.
The arrow hits the yak but does no damage.
The yak is heavily wounded.
Firing (i - inventory. (,) - cycle):
d - 18 arrows (quivered)
Press: ? - help, Shift-Dir - straight line, f/p - yak
Aim: a yak (heavily wounded)
You shoot an arrow. The arrow hits the yak.
The yak is heavily wounded.
The yak gores you!
* * * LOW HITPOINT WARNING * * *
The yak gores you!
You die...

#.#.##.#......#.#.##.# #.#
#.#..........<#.#.##.# #.#
#.####............##.# #.#
#.........#...######.# #.#
#######.......##...#.####.#
....<#...#.#..##.#.#......#
....##.###.#..........#####
...###.)...#........#.###
....########...Y@.......#
...!...#.......###....#.#
...###.#.#........)...#.#
.....#...#.##..####.###.#####
####.###.#........#...#.....#
####.# #.####...#.###.#####.#
.....######.........#.#...#.#
................>(#.#.##..#.#
.....######.#..(..#.#.#<....#


You could see a yak.

Vanquished Creatures
  2 two-headed ogres
  The ghost of anet the Magician, a novice DEWz (D:5)
  Sigmund (D:2)
  A spriggan (D:7)
  3 yaks
  A water moccasin (D:8)
  2 ice beasts
  A necrophage (D:7)
  A phantom (D:4)
  A black bear (D:7)
  A centaur (D:6)
  An ogre (D:7)
  A big kobold (D:8)
  3 bullfrogs
  2 scorpions
  4 killer bees (D:7)
  2 howler monkeys
  A crimson imp (D:4)
  2 hounds (D:7)
  2 orc priests
  A jelly (D:7)
  A centaur skeleton (D:8)
  A gnoll shaman (D:4)
  Jessica (D:2)
  Natasha (thrice) (D:3)
  3 iguanas
  8 orc wizards
  7 worker ants
  A hound zombie (D:5)
  A hound skeleton (D:6)
  7 gnolls
  9 adders
  A shadow imp (D:8)
  2 oozes
  4 worms
  3 dart slugs
  11 leopard geckos
  23 orcs
  6 giant cockroaches
  6 hobgoblins
  13 jackals
  A quokka (D:4)
  4 ball pythons
  6 bats
  6 frilled lizards
  4 goblins
  13 kobolds
  2 leopard gecko skeletons
  A leopard gecko zombie (D:8)
  2 quokka skeletons (D:4)
  3 rats
187 creatures vanquished.

Notes
Turn   | Place    | Note
-------+----------+-------------------------------------------
     0 | D:1      | Amnesiac the Mummy Hunter began the quest for the Orb.
     0 | D:1      | Reached XP level 1. HP: 16/16 MP: 1/1
    48 | D:1      | Reached skill level 1 in Armour
    63 | D:1      | Reached XP level 2. HP: 22/22 MP: 2/2
   428 | D:1      | Reached XP level 3. HP: 27/27 MP: 3/3
   932 | D:2      | Noticed Jessica
   934 | D:2      | Killed Jessica
  1121 | D:2      | Reached XP level 4. HP: 34/34 MP: 4/4
  1272 | D:2      | Noticed Sigmund
  1334 | D:2      | Killed Sigmund
  1334 | D:2      | Reached skill level 4 in Bows
  1334 | D:2      | Reached XP level 5. HP: 27/41 MP: 5/5
  1977 | D:3      | Noticed Natasha
  1992 | D:3      | Killed Natasha
  1992 | D:3      | Reached XP level 6. HP: 38/47 MP: 6/6
  2272 | D:3      | Noticed Natasha
  2286 | D:3      | Killed Natasha
  2416 | D:3      | Noticed Natasha
  2420 | D:3      | Killed Natasha
  2723 | D:4      | Found a shadowy altar of Dithmenos.
  2736 | D:4      | Reached XP level 7. HP: 52/52 MP: 7/7
  2990 | D:4      | Found a white marble altar of Elyvilon.
  3001 | D:4      | Reached skill level 5 in Bows
  3391 | D:5      | Entered Level 5 of the Dungeon
  3568 | D:5      | Noticed anet's ghost (novice DEWz)
  3590 | D:5      | Killed anet's ghost
  3590 | D:5      | Reached XP level 8. HP: 44/61 MP: 8/8
  3944 | D:5      | Found a glowing silver altar of Zin.
  4032 | D:5      | Found a sacrificial altar of Ru.
  4094 | D:6      | Learned a level 1 spell: Confusing Touch
  4101 | D:6      | Learned a level 3 spell: Confuse
  4105 | D:6      | Learned a level 3 spell: Tukima's Dance
  4125 | D:6      | Reached skill level 6 in Bows
  4297 | D:6      | Noticed a two-headed ogre
  4546 | D:6      | Found a staircase to the Ecumenical Temple.
  4565 | Temple   | Entered the Ecumenical Temple
  4758 | Temple   | Became a worshipper of Warmaster Okawaru
  4970 | D:6      | Killed a two-headed ogre
  4970 | D:6      | Reached * piety under Okawaru
  4970 | D:6      | Reached XP level 9. HP: 67/67 MP: 14/14
  5716 | D:7      | Reached ** piety under Okawaru
  5728 | D:7      | Reached skill level 5 in Fighting
  5812 | D:7      | Reached skill level 1 in Invocations
  6255 | D:7      | You fall through a shaft for 2 floors!
  6549 | D:7      | Reached skill level 7 in Bows
  6924 | D:7      | Reached *** piety under Okawaru
  7509 | D:8      | Reached XP level 10. HP: 38/76 MP: 16/16
  7646 | D:8      | Noticed a two-headed ogre
  7666 | D:8      | Killed a two-headed ogre
  7666 | D:8      | Reached **** piety under Okawaru
  7666 | D:8      | Reached skill level 5 in Armour
  7666 | D:8      | Reached skill level 5 in Dodging
  7827 | D:8      | HP: 1/76 [yak (14)]
  7835 | D:8      | Slain by a yak

Vault maps used:
D:1:      dpeg_arrival_water_fire
D:2:      uniq_jessica, uniq_sigmund
D:3:      uniq_natasha
D:4:      minmay_door_path, kennysheep_mini, lemuel_crystal_altar, first_bread
D:5:      nicolae_overflow_hidden_temple, marbit_many_paths
D:6:      minmay_temple_entry_grid
D:7:      the_bakery, minivault_22
D:8:      lemuel_old_faithful
Temple:   dpeg_five_rooms_temple

Skill      XL: |  1  2  3  4  5  6  7  8  9 10 |
---------------+-------------------------------+-----
Armour         | 1 2 3 4 5 |  5.1
Dodging        | 2 3 4 5 |  5.0
Fighting       | 3 4 5 6 |  6.2
Bows           | 4 5 6 7 |  7.7
Spellcasting   | 3 4 |  4.0
Hexes          | 4 |  4.0
Invocations    | 2 3 |  3.1
Stealth        | |  0.7

Action                   |  1- 3 |  4- 6 |  7- 9 | 10-12 || total
-------------------------+-------+-------+-------+-------++-------
Melee: Short sword       |       |       |    25 |       ||    25
       Unarmed           |       |       |     2 |       ||     2
 Fire: Shortbow          |    89 |   175 |   643 |    33 ||   940
Throw: Stone             |       |       |     5 |       ||     5
 Cast: Confusing Touch   |       |       |     1 |       ||     1
       Confuse           |       |       |     3 |       ||     3
       Tukima's Dance    |       |       |       |     5 ||     5
Invok: Heroism           |       |       |     1 |     1 ||     2
Evoke: Wand              |       |       |     1 |       ||     1
  Use: Scroll            |       |     3 |     2 |       ||     5
Armor: Ring mail         |    12 |    11 |       |       ||    23
       Plate armour      |       |    34 |    73 |       ||   107
       Troll leather arm |       |       |    73 |     5 ||    78
Dodge: Dodged            |    15 |    25 |   273 |    22 ||   335

Table legend:
 A = Spawn XP
 B = Non-spawn XP
 C = Spawn XP percentage of total XP
 D = Spawn monster count
 E = Non-spawn monster count
 F = Spawn count percentage of total count
 G = Total turns spent on level
                    A         B        C        D         E        F      G
               +---------+---------+-------+---------+---------+-------+---------
         Total |       0 |    6669 |   0.0 |       0 |     187 |   0.0 |  7835
               +---------+---------+-------+---------+---------+-------+---------
           D:1 |       0 |      43 |   0.0 |       0 |      23 |   0.0 |   949
           D:2 |       0 |     296 |   0.0 |       0 |      16 |   0.0 |   874
           D:3 |       0 |     173 |   0.0 |       0 |      22 |   0.0 |   638
           D:4 |       0 |     507 |   0.0 |       0 |      28 |   0.0 |   930
           D:5 |       0 |     617 |   0.0 |       0 |      10 |   0.0 |   660
           D:6 |       0 |    1287 |   0.0 |       0 |      19 |   0.0 |  1301
           D:7 |       0 |    1908 |   0.0 |       0 |      39 |   0.0 |  1317
           D:8 |       0 |    1642 |   0.0 |       0 |      29 |   0.0 |   897
           D:9 |       0 |     196 |   0.0 |       0 |       1 |   0.0 |    23
               +---------+---------+-------+---------+---------+-------+---------
